[Event "Maria Albulet Memorial 2017"]
[Site "Braila"]
[Date "2017.10.12"]
[Round "7"]
[White "Didiliuc, Dariana-Gabriela"]
[Black "Uzuneanu, Gabriela"]
[Result "1-0"]
[ECO "A43"]
[WhiteElo "1779"]
[BlackElo "1564"]
[Annotator "NA"]
[PlyCount "49"]
[EventDate "2017.??.??"]
[EventCountry "ROU"]
[SourceTitle "playchess.com"]
[Source "ChessBase"]
[SourceQuality "1"]
[TimeControl "40/5400+30:900+30"]

1. d4 c5 2. d5 b5 3. e4 a6 4. a4 b4 5. a5 d6 6. Bc4 g6 7. f4 Bg7 8. Nf3 Qc7 9. Qe2 Nd7 10. O-O Bb7 11. Nbd2 Ngf6 12. Bd3 O-O 13. Nc4 Rfe8 14. e5 Bxd5 15. exf6 Bxf6 16. f5 Bb7 17. fxg6 hxg6 18. Ng5 d5 19. Bxg6 Bxg5 20. Bxf7+ Kg7 21. Qg4 Rh8 22. Bf4 Qc6 23. Qxg5+ Kf8 24. Bd6 Rxh2 25. Bxe7# 1-0

[Event "Maria Albulet Memorial 2017"]
[Site "Braila"]
[Date "2017.10.12"]
[Round "7"]
[White "Popa, Catalina-Elena"]
[Black "Vorniceanu, Alina"]
[Result "1-0"]
[ECO "C46"]
[WhiteElo "1731"]
[BlackElo "1498"]
[Annotator "NA"]
[PlyCount "77"]
[EventDate "2017.??.??"]
[EventCountry "ROU"]
[SourceTitle "playchess.com"]
[Source "ChessBase"]
[SourceQuality "1"]
[TimeControl "40/5400+30:900+30"]

1. e4 e5 2. Nf3 Nc6 3. Nc3 Bc5 4. Nxe5 Nxe5 5. d4 Bb6 6. dxe5 Ne7 7. Bg5 h6 8. Bh4 g5 9. Bg3 Bc5 10. Bc4 Ng6 11. Bxf7+ Kxf7 12. Qd5+ Ke8 13. Qxc5 b6 14. Qd5 Rb8 15. O-O-O Qe7 16. Nb5 Rb7 17. Qc4 Kf8 18. Nxc7 Nxe5 19. Ne6+ Kf7 20. Bxe5 dxe6 21. Bxh8 Rc7 22. Qd4 Ke8 23. Bf6 Qc5 24. Qxc5 bxc5 25. Rd8+ Kf7 26. Be5 Rc6 27. Rhd1 c4 28. c3 a5 29. R1d6 Rc5 30. Bd4 Rc7 31. Bb6 Rb7 32. Rxc8 Kf6 33. Bd4+ Ke7 34. e5 a4 35. Rh8 Rb5 36. Rh7+ Ke8 37. Ra6 Rd5 38. Ra8+ Rd8 39. Rh8+ 1-0

[Event "Maria Albulet Memorial 2017"]
[Site "Braila"]
[Date "2017.10.12"]
[Round "7"]
[White "Andres, Marina-Corina"]
[Black "Patru, Alexandra-Ioana"]
[Result "1/2-1/2"]
[ECO "C54"]
[WhiteElo "1581"]
[BlackElo "1623"]
[Annotator "NA"]
[PlyCount "97"]
[EventDate "2017.??.??"]
[EventCountry "ROU"]
[SourceTitle "playchess.com"]
[Source "ChessBase"]
[SourceQuality "1"]
[TimeControl "40/5400+30:900+30"]

1. e4 e5 2. Nf3 Nc6 3. Bc4 Bc5 4. c3 Nf6 5. d3 h6 6. Bb3 d6 7. O-O Bg4 8. Nbd2 O-O 9. Re1 Ne7 10. Nf1 Ng6 11. h3 Be6 12. Bxe6 fxe6 13. Qb3 Qc8 14. d4 exd4 15. cxd4 Bb6 16. e5 Nd5 17. Ne3 Ndf4 18. Nc4 Qd7 19. Nxb6 axb6 20. Bd2 Qf7 21. exd6 cxd6 22. Bxf4 Nxf4 23. Re3 Qg6 24. g3 Rae8 25. Kh2 Nd5 26. Re2 Kh8 27. Rae1 Qf6 28. Kg2 g5 29. Qd3 h5 30. h4 gxh4 31. Nxh4 Qxh4 32. Rxe6 Rxe6 33. gxh4 Nf4+ 34. Kh2 Nxd3 35. Rxe6 Rxf2+ 36. Kg3 Rxb2 37. Rxd6 Rb5 38. Rd7 Nb4 39. a4 Ra5 40. Rxb7 Nd5 41. Rd7 Nf6 42. Rb7 Rxa4 43. Rxb6 Kg7 44. Rb7+ Kg6 45. Rb5 Rxd4 46. Rg5+ Kf7 47. Kh3 Rg4 48. Rxh5 Rg1 49. Ra5 1/2-1/2

[Event "Maria Albulet Memorial 2017"]
[Site "Braila"]
[Date "2017.10.12"]
[Round "7"]
[White "Coman, Ana-Cristina"]
[Black "Nastase, Andreea-Cristina"]
[Result "0-1"]
[ECO "D04"]
[WhiteElo "1454"]
[BlackElo "1989"]
[Annotator "NA"]
[PlyCount "140"]
[EventDate "2017.??.??"]
[EventCountry "ROU"]
[SourceTitle "playchess.com"]
[Source "ChessBase"]
[SourceQuality "1"]
[TimeControl "40/5400+30:900+30"]

1. d4 d5 2. Nf3 Nf6 3. e3 Bg4 4. Bd3 e6 5. c4 c6 6. b3 Nbd7 7. Nbd2 Bd6 8. Qc2 Rc8 9. Bb2 c5 10. Ne5 Bh5 11. O-O cxd4 12. exd4 O-O 13. Rac1 dxc4 14. bxc4 h6 15. f4 Nd5 16. Qb3 Nxf4 17. Rxf4 Bxe5 18. Rf2 b6 19. Ne4 Bf6 20. Nd6 Rb8 21. Ba1 Bg5 22. Rcf1 Be3 23. Bh7+ Kxh7 24. Qxe3 Nf6 25. Qg3 Bg6 26. d5 Qe7 27. Bxf6 gxf6 28. Rxf6 Kg7 29. dxe6 Qxf6 30. Rxf6 Kxf6 31. Nxf7 Bxf7 32. exf7 Rbc8 33. Qf4+ Kg7 34. Qe5+ Kxf7 35. Qf5+ Ke7 36. Qe5+ Kd7 37. Qd5+ Kc7 38. Qe5+ Kb7 39. Qg7+ Ka6 40. Qxh6 Rfd8 41. Qc1 Rd4 42. Qa3+ Kb7 43. Qf3+ Rc6 44. h3 Rdxc4 45. Qf7+ Ka6 46. Qd7 b5 47. Qe7 b4 48. Qe2 Ka5 49. Qd3 Rc3 50. Qd4 a6 51. h4 Ka4 52. h5 a5 53. Qd7 Ka3 54. Qd5 a4 55. Qa5 R6c5 56. Qa8 Rxh5 57. Qe8 Rhc5 58. Qd7 Rc2 59. Qe6 Rxa2 60. Qe3+ Rc3 61. Qd4 Rac2 62. Qd6 Rc4 63. Qa6 b3 64. Qd6+ Ka2 65. Kh2 b2 66. Qd5 b1=Q 67. Kh3 Qb3+ 68. Kh2 Rh4+ 69. Kg1 Qxd5 70. Kf1 Qd1# 0-1

[Event "Maria Albulet Memorial 2017"]
[Site "Braila"]
[Date "2017.10.13"]
[Round "8"]
[White "Babiy, Olga"]
[Black "Petrenko, Svetlana"]
[Result "1/2-1/2"]
[ECO "B46"]
[WhiteElo "2317"]
[BlackElo "2140"]
[Annotator "ChessBase"]
[PlyCount "95"]
[EventDate "2017.??.??"]
[EventCountry "ROU"]
[SourceTitle "playchess.com"]
[Source "ChessBase"]
[SourceQuality "1"]
[TimeControl "40/5400+30:900+30"]

1. e4 c5 2. Nf3 e6 3. d4 cxd4 4. Nxd4 Nc6 5. Nc3 a6 6. Nxc6 bxc6 7. Bd3 Qc7 8. O-O d5 9. Qe2 Bb7 10. Bd2 Bd6 11. f4 Ne7 12. Kh1 O-O 13. e5 Bc5 14. Na4 Ba7 15. c4 dxc4 16. Bxc4 Nf5 17. Rac1 Nd4 18. Qh5 c5 19. b3 Rad8 20. Rf2 Qc6 21. Bd3 g6 22. Qh3 Qd7 23. Bc4 Bc6 24. Nb2 Qb7 25. Nd1 Nf5 26. Ne3 Nxe3 27. Qxe3 Rd4 28. Bc3 Rfd8 29. Bxd4 cxd4 30. Qg3 Be4 31. Bd3 Bd5 32. Rfc2 Bb6 33. b4 a5 34. a3 axb4 35. axb4 Ra8 36. h4 h5 37. f5 exf5 38. Bxf5 Be4 39. Bxe4 Qxe4 40. Rc8+ Rxc8 41. Rxc8+ Kh7 42. Qf2 f5 43. exf6 d3 44. Qg3 d2 45. Rc7+ Kh8 46. Rc8+ Kh7 47. Rc7+ Kh8 48. Rc8+ 1/2-1/2

[Event "Maria Albulet Memorial 2017"]
[Site "Braila"]
[Date "2017.10.13"]
[Round "8"]
[White "Rakhmangulova, Anastasiya"]
[Black "Didiliuc, Dariana-Gabriela"]
[Result "1-0"]
[ECO "B33"]
[WhiteElo "2242"]
[BlackElo "1779"]
[Annotator "NA"]
[PlyCount "61"]
[EventDate "2017.??.??"]
[EventCountry "ROU"]
[SourceTitle "playchess.com"]
[Source "ChessBase"]
[SourceQuality "1"]
[TimeControl "40/5400+30:900+30"]

1. e4 c5 2. Nf3 Nc6 3. d4 cxd4 4. Nxd4 Nf6 5. Nc3 e5 6. Ndb5 d6 7. Bg5 a6 8. Na3 b5 9. Bxf6 gxf6 10. Nd5 f5 11. Bxb5 axb5 12. Nxb5 Qa5+ (12... Ra4 $11 {bleibt in der Remisbreite.} 13. Nbc7+ Kd7) 13. c3 Rb8 14. b4 Qd8 15. Nbc7+ Kd7 16. Qh5 Ne7 17. Qxf7 Kc6 $18 18. b5+ Kb7 19. a4 Nxd5 20. Qxd5+ Ka7 21. a5 Qxc7 22. b6+ Rxb6 23. axb6+ Kxb6 24. O-O Qc5 25. Qf7 Qc7 26. Qb3+ Kc6 27. Qa4+ Kc5 28. Rfb1 d5 29. Qa3+ Kc6 30. Qa8+ Kd7 31. Ra7 1-0

[Event "Maria Albulet Memorial 2017"]
[Site "Braila"]
[Date "2017.10.13"]
[Round "8"]
[White "Cosman, Andreea-Marioara"]
[Black "Doluhanova, Evgeniya"]
[Result "0-1"]
[ECO "E46"]
[WhiteElo "2125"]
[BlackElo "2328"]
[Annotator "NA"]
[PlyCount "80"]
[EventDate "2017.??.??"]
[EventCountry "ROU"]
[SourceTitle "playchess.com"]
[Source "ChessBase"]
[SourceQuality "1"]
[TimeControl "40/5400+30:900+30"]

1. d4 Nf6 2. c4 e6 3. Nc3 Bb4 4. e3 O-O 5. Nge2 Re8 6. a3 Bf8 7. d5 a5 8. Ng3 {[%emt 0:05:50] E46: Nimzo-Indian: Rubinstein: 4 e3 0-0 5 Ne2 without early Bd3} Na6 9. Bd3 Nc5 {[%emt 0:06:30] LiveBook: 8 Games} 10. Bc2 exd5 11. cxd5 b5 12. Nxb5 Ba6 13. Nc3 {[%emt 0:06:26] [#]} Qb8 $146 ({Predecessor:} 13... c6 14. b4 Nb7 15. dxc6 dxc6 16. Qxd8 Rexd8 {0-1 (65) Aleksandrov,A (2564)-Granda Zuniga,J (2679) Pavlodar 2015}) 14. Rb1 c6 15. b4 axb4 16. axb4 Qe5 17. Qd2 Nb7 18. Bd3 Nxd5 19. Nxd5 Qxd5 20. Bxa6 Qxd2+ 21. Bxd2 Rxa6 22. Nf5 Ra2 23. Bc3 Rc2 24. Bd2 Ra8 25. Nd4 Rca2 26. Nf3 Nd6 27. O-O Ne4 28. Be1 Nd6 29. Ne5 R8a7 30. Rc1 f6 31. Nc4 Nxc4 32. Rxc4 R2a4 33. Bc3 c5 34. e4 cxb4 35. Bd4 b3 36. Rxa4 Rxa4 37. Rd1 $19 Ba3 38. Kf1 b2 39. Be3 Rc4 40. Ke2 Rc1 0-1

[Event "Maria Albulet Memorial 2017"]
[Site "Braila"]
[Date "2017.10.13"]
[Round "8"]
[White "Aciu, Malina-Andreea"]
[Black "Coman, Ana-Cristina"]
[Result "1-0"]
[ECO "C89"]
[WhiteElo "2006"]
[BlackElo "1454"]
[Annotator "NA"]
[PlyCount "89"]
[EventDate "2017.??.??"]
[EventCountry "ROU"]
[SourceTitle "playchess.com"]
[Source "ChessBase"]
[SourceQuality "1"]
[TimeControl "40/5400+30:900+30"]

1. e4 e5 2. Nf3 Nc6 3. Bb5 a6 4. Ba4 Nf6 5. O-O Be7 6. Re1 b5 7. Bb3 O-O 8. c3 d5 9. d4 exd4 10. e5 Ne4 11. cxd4 Bf5 12. Nbd2 Qd7 13. a3 Na5 14. Bc2 Nxd2 15. Bxd2 Nc4 16. Bc1 b4 17. axb4 Bxb4 18. Rf1 h6 19. b3 Bc3 20. Ra2 Na5 21. Nh4 Bxc2 22. Qxc2 Bb4 23. f4 Nc6 24. Qf2 Bc3 25. Be3 f5 26. Rc1 Nb4 27. Rxc3 Nxa2 28. Qxa2 Qe7 29. Nf3 Qd7 30. Qc2 Rac8 31. Rc6 a5 32. Bd2 Ra8 33. Rxc7 Qd8 34. Qc6 Kh8 35. e6 Rf6 36. Ne5 Qb8 37. Bxa5 Rf8 38. Ng6+ Kg8 39. Nxf8 Rxa5 40. Qc3 Ra6 41. Nd7 Qb5 42. Nf6+ Kf8 43. e7+ Kf7 44. e8=Q+ Kxf6 45. Qf7# 1-0

[Event "Maria Albulet Memorial 2017"]
[Site "Braila"]
[Date "2017.10.13"]
[Round "8"]
[White "Nastase, Andreea-Cristina"]
[Black "Miladinovic, Lena"]
[Result "1/2-1/2"]
[ECO "A45"]
[WhiteElo "1989"]
[BlackElo "2138"]
[Annotator "NA"]
[PlyCount "108"]
[EventDate "2017.??.??"]
[EventCountry "ROU"]
[SourceTitle "playchess.com"]
[Source "ChessBase"]
[SourceQuality "1"]
[TimeControl "40/5400+30:900+30"]

1. d4 Nf6 2. f3 d5 3. Nc3 c5 4. e4 cxd4 5. Qxd4 Nc6 6. Bb5 Bd7 7. Bxc6 Bxc6 8. e5 Nd7 9. e6 fxe6 10. f4 e5 11. fxe5 e6 12. Nf3 Bc5 13. Qg4 O-O 14. Bg5 Qe8 15. O-O-O Kh8 16. Ne2 Qg6 $11 17. Kb1 Rf5 18. Nf4 Qf7 19. Nd3 Bb6 20. Rhe1 Bb5 21. h4 Rc8 22. Bc1 Rc4 23. Qh3 Qg6 24. Ng5 h6 25. g4 Rf8 26. h5 Qe8 27. Nf3 Qc8 28. Nh4 Rxc2 29. Ng6+ Kh7 30. Nxf8+ Nxf8 31. g5 Rc7 32. gxh6 gxh6 33. Qf3 Rg7 34. Rf1 Nd7 35. Qf4 Kg8 36. Be3 Bxe3 37. Qxe3 Qc4 38. Rg1 Qe4 39. Rxg7+ Kxg7 40. Qxe4 dxe4 41. Nf4 Nxe5 42. Nxe6+ Kf6 43. Nc5 e3 44. Ne4+ Ke6 45. Rd6+ Kf5 46. Nc3 e2 47. Nxe2 Bxe2 48. Rxh6 Nf7 49. Rg6 Bxh5 50. Rg1 Bf3 51. Rf1 Ne5 52. Kc2 Ke4 53. Kc3 Kd5 54. b4 b5 {[%emt 0:01:10] Kd4+} 1/2-1/2

[Event "Maria Albulet Memorial 2017"]
[Site "Braila"]
[Date "2017.10.13"]
[Round "8"]
[White "Popa, Catalina-Elena"]
[Black "Djukic, Sandra"]
[Result "0-1"]
[ECO "B47"]
[WhiteElo "1731"]
[BlackElo "2084"]
[Annotator "NA"]
[PlyCount "118"]
[EventDate "2017.??.??"]
[EventCountry "ROU"]
[SourceTitle "playchess.com"]
[Source "ChessBase"]
[SourceQuality "1"]
[TimeControl "40/5400+30:900+30"]

1. e4 c5 2. Nf3 Nc6 3. d4 cxd4 4. Nxd4 Qc7 5. Nc3 e6 6. g3 a6 7. Bg2 d6 8. O-O Bd7 9. Be3 Be7 {[%emt 0:02:38] B47: Sizilianisch (Paulsen/Taimanow-Variante)} 10. Nb3 Nf6 11. f4 b5 12. Qe2 (12. a3 Bc8 13. e5 dxe5 14. fxe5 Nd7 15. Rxf7 Kxf7 {1-0 (30) Guseinov,G (2643)-Diamant,A (2515) chess.com INT 2017}) 12... O-O 13. Rad1 Be8 $146 ({Vorgänger:} 13... Rac8 14. g4 b4 15. Na4 Na5 16. Nb6 Bb5 17. Qf3 Bxf1 18. Nxc8 Bxg2 19. Nxe7+ {½-½ (19) Zagrebelny,S (2485)-Kurochkin,V (2423) Moscow 2006}) 14. Bf2 Rb8 15. Rfe1 Nd7 16. Nd5 exd5 17. exd5 Nce5 18. fxe5 Nxe5 19. Nc5 Qa5 20. a3 Rc8 21. Bd4 Ng6 22. Nd3 Bd7 23. Bc3 Rxc3 24. bxc3 Qxc3 25. Qd2 Rc8 26. Qxc3 Rxc3 27. Nf4 Kf8 28. Nxg6+ hxg6 29. Be4 Bf6 30. Ra1 Bd4+ 31. Kg2 Bc5 32. Rf1 Kg8 33. Rf3 Rc4 34. Bd3 Rd4 35. Raf1 ({White should play} 35. Re1 $1 $14) 35... f5 36. Re1 Kf8 37. h3 Rxd5 38. c4 Rd4 39. cxb5 axb5 40. Kh2 Bc6 41. Rfe3 Ra4 42. Bc2 Ra7 43. Rb3 Kf7 44. Bd3 Bd5 45. Rxb5 Rxa3 46. Bb1 Bc4 47. Rb7+ Kf6 48. Rd1 d5 49. Rc7 Bf2 50. Rc6+ Kg5 51. g4 Be3 52. Re1 Bf4+ (52... Rb3 $19 53. Kh1 Bf2) 53. Kg2 Rg3+ 54. Kf2 {[%emt 0:00:26] [#]} Rxh3 (54... Rb3) 55. Ree6 $19 (55. gxf5 $17 Bg3+ 56. Kg2 Bxe1 57. Kxh3 gxf5 58. Kg2) 55... Rh2+ 56. Kg1 Rb2 57. Rxg6+ Kh4 58. Bxf5 Be3+ 59. Kh1 Kg3 0-1

[Event "Maria Albulet Memorial 2017"]
[Site "Braila"]
[Date "2017.10.13"]
[Round "8"]
[White "Patru, Alexandra-Ioana"]
[Black "Uzuneanu, Gabriela"]
[Result "1/2-1/2"]
[ECO "D02"]
[WhiteElo "1623"]
[BlackElo "1564"]
[Annotator "NA"]
[PlyCount "104"]
[EventDate "2017.??.??"]
[EventCountry "ROU"]
[SourceTitle "playchess.com"]
[Source "ChessBase"]
[SourceQuality "1"]
[TimeControl "40/5400+30:900+30"]

1. d4 d5 2. Nf3 e6 3. e3 c5 4. c3 Nc6 5. Bd3 Nf6 6. Nbd2 Be7 7. O-O O-O 8. dxc5 Bxc5 9. b4 Bd6 10. a3 Ne5 11. Nxe5 Bxe5 12. Bb2 Bd7 13. Nf3 Bc7 14. c4 dxc4 15. Bxc4 Bc6 16. Be2 Qe7 17. Qc2 Rac8 18. Qb3 Bd5 19. Qa4 Bb6 20. Rac1 Bc6 21. b5 Bd5 22. Qh4 h6 23. Ne5 Bc5 24. Ra1 Nh7 25. Qf4 Qg5 26. Qxg5 Nxg5 27. Nd7 Rfd8 28. Nxc5 Rxc5 29. Bd4 Rc2 30. Bd1 Rcc8 31. Ba4 b6 32. Rfc1 Ne4 33. Bd1 Nd6 34. a4 Nf5 35. Bb2 Nd6 36. Bd4 Nf5 37. Be5 Bb7 38. Bf3 Bxf3 39. gxf3 Ne7 40. Kf1 f6 41. Bb2 Nd5 42. Ke2 Nc7 43. Rc6 Ne8 44. Rac1 Rxc6 45. Rxc6 Kf7 46. Ba3 Rd7 47. Rc8 Nc7 48. h4 Nd5 49. h5 e5 50. Rf8+ Ke6 51. Re8+ Kf7 52. Rf8+ Ke6 1/2-1/2

[Event "Maria Albulet Memorial 2017"]
[Site "Braila"]
[Date "2017.10.13"]
[Round "8"]
[White "Vorniceanu, Alina"]
[Black "Andres, Marina-Corina"]
[Result "1-0"]
[ECO "C54"]
[WhiteElo "1498"]
[BlackElo "1581"]
[Annotator "NA"]
[PlyCount "67"]
[EventDate "2017.??.??"]
[EventCountry "ROU"]
[SourceTitle "playchess.com"]
[Source "ChessBase"]
[SourceQuality "1"]
[TimeControl "40/5400+30:900+30"]

1. e4 e5 2. Nf3 Nc6 3. Bc4 Bc5 4. c3 Nf6 5. d3 O-O 6. h3 d6 7. Bb3 Ne7 8. O-O Ng6 9. Re1 a6 10. Nbd2 Nf4 11. Nf1 N6h5 12. d4 exd4 13. Nxd4 Bxh3 14. Bxf4 Nxf4 15. gxh3 Qg5+ 16. Ng3 Nxh3+ 17. Kg2 Nf4+ 18. Kf1 Bxd4 19. cxd4 h5 20. Qf3 h4 21. Ne2 Nxe2 22. Kxe2 Qb5+ 23. Qd3 Qh5+ 24. Qf3 Qb5+ 25. Qd3 Qxd3+ 26. Kxd3 Kh7 27. Rh1 g5 28. Rag1 f6 29. f4 Kh6 30. Rg4 Kh5 31. Rhg1 h3 32. Bd1 Kh6 33. fxg5+ fxg5 34. Rxg5 1-0

[Event "Maria Albulet Memorial 2017"]
[Site "Braila"]
[Date "2017.10.14"]
[Round "9"]
[White "Aciu, Malina-Andreea"]
[Black "Popa, Catalina-Elena"]
[Result "1-0"]
[ECO "B32"]
[WhiteElo "2006"]
[BlackElo "1731"]
[Annotator "NA RC"]
[PlyCount "65"]
[EventDate "2017.??.??"]
[EventCountry "ROU"]
[SourceTitle "playchess.com"]
[Source "ChessBase"]
[SourceQuality "1"]
[TimeControl "40/5400+30:900+30"]

1. e4 c5 2. Nf3 Nc6 3. d4 cxd4 4. Nxd4 e5 5. Nb5 d6 6. N1c3 a6 7. Na3 b5 8. Nd5 Nge7 9. c4 Nd4 10. Bd3 Nxd5 {[%emt 0:01:33] LiveBook: 26 Games B32: Sicilian: Löwenthal and Kalashnikov Variations} 11. exd5 (11. cxd5 Be7 12. O-O O-O 13. Be3 Bd7 14. Qd2 Qb8 15. f4 Bd8 16. Bxd4 exd4 17. Nc2 Bf6 18. Rae1 Re8 19. Qf2 Kh8 20. Kh1 Qb6 21. Re2 {1-0 (32) Dominguez Perez,L (2757)-El Gindy,E (2487) Tromsoe 2013}) 11... g6 12. O-O Bg7 13. cxb5 O-O 14. Be3 Bb7 $146 ({Predecessor:} 14... Nf5 $11 15. Bxf5 gxf5 16. b6 f4 {½-½ (44) Daubenfeld,N (2503)-Neagu,L (2466) ICCF email 2009}) 15. bxa6 Bxa6 16. Bxd4 Bxd3 17. Qxd3 exd4 18. Nb5 Qb6 19. a4 Rfe8 20. b4 Re5 21. Rfc1 Qb7 22. a5 Qa6 ({Not} 22... Rxd5 23. Nc7 $16) (22... Bh6 $142) 23. Rc6 Qb7 24. a6 Rxd5 $2 (24... Qd7 25. Nc7 Ra7) 25. axb7 Rxa1+ 26. Qf1 Rxf1+ 27. Kxf1 Rxb5 28. Rc8+ Bf8 29. b8=Q Rxb8 30. Rxb8 Kg7 31. Ke2 (31. b5 $142 Kf6 32. Rxf8) 31... Be7 32. Kd3 Bf6 33. Rc8 $18 1-0